Match 35844780
Unlisted

Match 35844780
End
Construct Infanterie Kompanie
Kettenkrad Recon Vehicle
Selects Breakthrough Battlegroup
Selects Assault Grenadiers
MG 42 Machine Gun Team
Grenadier Squad
MG 42 Machine Gun Team
Construct Panzergrenadier Kompanie
Pak 40 Anti-tank Gun Team
Panzergrenadier Squad
Support Elements
Selects Rapid Production
Nebelwerfer 42 Rocket Launcher Team
Nebelwerfer 42 Rocket Launcher Team
StuG III G Assault Gun
Medical Station
Panzergrenadier Officer Quarters
Selects Blitzkrieg
Nebelwerfer 42 Rocket Launcher Team
Construct Panzer Kompanie
Side Skirts
MG 42 Machine Gun Team
Panzer Officer Quarters
Panzer IV Medium Tank
Infanterie Officer Quarters
Selects Tiger Heavy Tank
Tiger Heavy Tank
MG 42 Bunker
Selects Smoke Bombing Run
Selects Incendiary Bombing Run
Repair Bunker
Medical Bunker
Incendiary Bombing Run
Incendiary Bombing Run
Dam
majstor
Tok@
Coyote
Bruistablet
Basgo
Professor gibberish
Ragnar Lothbrok (German)
0
0

Comments sign in to comment!

No comments posted yet!